 Dungeon Crawl Stone Soup version 0.31-a0-237-g2d982f9f85 (webtiles) character file.

Game seed: 1917329776562105313

6543 qw the Skirmisher (level 10, -2/91 HPs)
             Began as a Minotaur Hexslinger on July 11, 2023.
             Was a Believer of Okawaru.
             Slain by a wight
             ... wielding a +2 flail
              (4 damage)
             ... on level 9 of the Dungeon.
             The game lasted 00:04:51 (8914 turns).

qw the Skirmisher (Minotaur Hexslinger)             Turns: 8914, Time: 00:04:52

Health: -2/91      AC: 13    Str: 13    XL:     10   Next: 70%
Magic:  10/12      EV: 16    Int: 10    God:    Okawaru [**....]
Gold:   1559       SH:  0    Dex: 17    Spells: 10/11 levels left

rFire   . . .        Y - +2 shortbow
rCold   . . .        (shield currently unavailable)
rNeg    + . .        j - +1 swamp dragon scales
rPois   +            (helmet restricted)
rElec   .            (no cloak)
rCorr   .            l - +2 pair of gloves
SInv    .            g - +1 pair of boots of Poisuqut {rN+}
Will    .....        (no amulet)
Stlth   ++           (no ring)
HPRegen 0.35/turn    (no ring)
MPRegen 0.13/turn

%: no passive effects
@: heroic, marked, corroded
A: horns 2, retaliatory headbutt
a: Renounce Religion, Heroism


You were on level 9 of the Dungeon.
You worshipped Okawaru.
Okawaru was pleased with you.
You visited 2 branches of the dungeon, and saw 10 of its levels.
You also visited: Ossuary.

You collected 1839 gold pieces.
You spent 280 gold pieces at shops.


Innate Abilities, Weirdness & Mutations

You have a pair of horns on your head.
You reflexively headbutt those who attack you in melee.


   Skills:
 - Level 9.0(14.0) Fighting
 + Level 13.4(18.4) Ranged Weapons
 - Level 5.8(10.8) Armour
 - Level 5.0(10.0) Dodging
 - Level 1.0 Spellcasting
 - Level 2.0 Hexes
 - Level 4.0 Invocations


You had 10 spell levels left.
You knew the following spells:

 Your Spells              Type           Power      Damage    Failure   Level
a - Slow                  Hex            16%        N/A       26%         1

Your spell library contained the following spells:

 Spells                   Type           Power      Damage    Failure   Level
 Inner Flame              Hex/Fire       2%         N/A       77%         3
 Portal Projectile        Hex/Tloc       4%         N/A       77%         3
 Cause Fear               Hex            2%         N/A       95%         4

Inventory:

Hand Weapons
 Y - a +2 shortbow (weapon)
Armour
 g - the +1 pair of boots of Poisuqut (worn) {rN+}
   (You acquired it on level 6 of the Dungeon)

   rN:        It protects you from negative energy.
 j - +1 swamp dragon scales (worn)
 l - a +2 pair of gloves (worn)
Jewellery
 i - a ring of ice
Scrolls
 c - 3 scrolls of identify
Potions
 a - 3 potions of might
 b - 3 potions of curing
 d - 3 potions of haste
 e - 2 potions of cancellation
 f - 2 potions of magic
 p - a potion of resistance
 r - a potion of mutation

Dungeon Overview and Level Annotations

Branches:
Dungeon (9/15)             Temple (1/1) D:4         Ossuary (visited)
   Lair: D:8-11         Orc: D:9-12

Altars:
Ashenzari
Cheibriados
Dithmenos
Elyvilon
Fedhas
Gozag
Hepliaklqana
Kikubaaqudgha
Makhleb
Nemelex Xobeh
Okawaru
Qazlal
Ru
Sif Muna
Trog
Uskayaw
Vehumet
Wu Jian
Xom
Yredelemnul
Zin
The Shining One

Shops:
D:2 !   D:6 *


Message History

The yak is heavily wounded.
The killer bee barely misses you. You furiously retaliate!
You headbutt the killer bee, but do no damage.
The acid dragon closely misses you. You furiously retaliate!
You headbutt the acid dragon!
The acid dragon claws you but does no damage.
The yak barely misses you. The wight hits you but does no damage.
You shoot an arrow. The arrow hits the acid dragon!
The acid dragon is severely wounded.
The killer bee stings you but does no damage.
The killer bee barely misses you. The acid dragon spits acid at you.
The splash of acid hits you!! The yak barely misses you.
You furiously retaliate!
You headbutt the yak!
The wight hits you from afar with a +0 trident!
You shoot an arrow. The arrow hits the acid dragon.
The acid dragon is almost dead.
The killer bee stings you but does no damage.
A howler monkey comes into view.
The acid dragon bites you. The acid dragon misses you.
The killer bee closely misses you. The yak gores you but does no damage.
A troll comes into view.
The wight completely misses you. The wight barely misses you.
You shoot an arrow. The arrow hits the acid dragon.
You kill the acid dragon!
Okawaru accepts your kill.
The killer bee stings you but does no damage.
You shoot an arrow. The arrow hits the yak.
The yak is severely wounded.
The killer bee misses you. The wight hits you but does no damage.
The yak closely misses you. The killer bee barely misses you.
You furiously retaliate!
You headbutt the killer bee, but do no damage.
You shoot an arrow. The arrow hits the yak!
You kill the yak!
Okawaru accepts your kill. The killer bee barely misses you.
You furiously retaliate!
You headbutt the killer bee, but do no damage.
The wight misses you. The wight hits you with a +2 flail.
You die...

#g....#####.## #..
#).#.####....## .
###....g##.##.......#
..
...T...#..##......Yc.
...
.....)............##
..#yY ... .........#
ygY##)# ...#######
#y#..# ##. #%@.## #
#..zzzz## ## #...#.##
. ..$. .. .#. ... #
.... ..... ......


You could see 2 yaks, a troll, 3 killer bees, 4 wights and a gnoll.

Vanquished Creatures
  A manticore (D:8)
  A kobold demonologist (D:9)
  An efreet (D:8)
  A slime creature (D:8)
  7 yaks (D:9)
  A steam dragon (D:6)
  A vampire mosquito (D:8)
  Edmund (D:6)
  Duvessa (D:7)
  An acid dragon (D:9)
  6 water moccasins
  A black bear (D:4)
  3 orc warriors
  2 sky beasts
  An ogre (D:6)
  3 centaurs
  4 phantoms
  3 bullfrogs
  A water moccasin zombie (D:5)
  A gnoll sergeant (D:8)
  4 scorpions
  6 killer bees
  Dowan (D:7)
  4 howler monkeys
  A centaur zombie (Ossuary)
  4 bullfrog zombies (D:5)
  4 hounds
  A human zombie (Ossuary)
  A jelly (D:4)
  2 orc priests
  A centaur skeleton (D:5)
  A bullfrog skeleton (D:5)
  2 gnoll boudas
  An iguana (D:5)
  3 orc wizards
  A scorpion zombie (D:5)
  A killer bee zombie (D:5)
  A hound zombie (D:5)
  4 mummies (Ossuary)
  2 howler monkey zombies (D:5)
  23 gnolls
  7 adders
  A shadow imp (D:6)
  3 white imps
  3 ufetubi
  A worm (D:2)
  2 dart slugs
  33 orcs
  4 bats
  7 endoplasms
  3 giant cockroaches
  12 goblins
  12 hobgoblins
  24 kobolds
  2 quokkas
  8 ball pythons
  8 frilled lizards
  A gnoll zombie (Ossuary)
  A goblin zombie (Ossuary)
  2 hobgoblin zombies (Ossuary)
  2 orc zombies (Ossuary)
  3 rats
  2 rat zombies (D:6)
250 creatures vanquished.

Notes
Turn   | Place    | Note
-------+----------+-------------------------------------------
     0 | D:1      | qw the Minotaur Hexslinger began the quest for the Orb.
     0 | D:1      | Reached XP level 1. HP: 16/16 MP: 1/1
     0 | D:1      | 0 ||| qw: Version: 0.3-a-52-g30416fa
     0 | D:1      | 0 ||| qw: Game counter: 5489
     0 | D:1      | 0 ||| qw: Melee chars always use a shield: true
     0 | D:1      | 0 ||| qw: God list: Okawaru
     0 | D:1      | 0 ||| qw: Allow faded altars: false
     0 | D:1      | 0 ||| qw: Do Orc after clearing Dungeon:15 true
     0 | D:1      | 0 ||| qw: Do second Lair branch before Depths: true
     0 | D:1      | 0 ||| qw: Lair rune preference: random
     0 | D:1      | 0 ||| qw: Goals: Normal
     0 | D:1      | 0 ||| PLANNING D:1-11
   132 | D:1      | Reached skill level 3 in Ranged Weapons
   139 | D:1      | Reached XP level 2. HP: 16/23 MP: 2/2
   396 | D:1      | Found a faded altar of an unknown god.
   734 | D:1      | 734 ||| READING scroll labelled ZIQOPO SIOPAROO.
   735 | D:1      | 735 ||| READING scroll labelled WOUJUA SUGRIS.
   736 | D:1      | 736 ||| DROPPING scroll of poison.
   868 | D:2      | Found Qemo's Distillery.
   886 | D:2      | Reached XP level 3. HP: 13/29 MP: 3/3
   975 | D:2      | 975 ||| BUYING potion of cancellation (88 gold).
   975 | D:2      | Bought a potion of cancellation for 88 gold pieces
   975 | D:2      | 975 ||| SHOPLISTING potion of mutation (88 gold, have 7).
   975 | D:2      | Found a broken altar of Ashenzari.
  1048 | D:2      | Reached skill level 4 in Ranged Weapons
  1450 | D:2      | 1450 ||| UPGRADING to +0 ring mail.
  1460 | D:2      | 1460 ||| DROPPING +0 robe.
  1461 | D:2      | 1461 ||| UPGRADING to +0 swamp dragon scales.
  1471 | D:2      | 1471 ||| DROPPING +0 ring mail.
  1472 | D:2      | 1472 ||| UPGRADING to +2 pair of gloves.
  1477 | D:2      | 1477 ||| READING scroll labelled NUDUJAFYSI.
  1478 | D:2      | 1478 ||| READING scroll labelled HIHAIS EKATT.
  1479 | D:2      | 1479 ||| DRINKING 2 red potions.
  1480 | D:2      | 1480 ||| DROPPING potion of degeneration.
  1521 | D:3      | 1521 ||| STAIRDANCE
  1535 | D:3      | 1535 ||| STAIRDANCE
  1560 | D:3      | 1560 ||| STAIRDANCE
  1584 | D:2      | Reached XP level 4. HP: 31/36 MP: 4/4
  1632 | D:3      | Found a stormy altar of Qazlal.
  2098 | D:3      | 2098 ||| FLEEEEING.
  2099 | D:3      | 2099 ||| FLEEEEING.
  2100 | D:3      | 2100 ||| FLEEEEING.
  2101 | D:3      | 2101 ||| FLEEEEING.
  2102 | D:3      | 2102 ||| FLEEEEING.
  2103 | D:3      | 2103 ||| FLEEEEING.
  2104 | D:3      | 2104 ||| FLEEEEING.
  2105 | D:3      | 2105 ||| FLEEEEING.
  2106 | D:3      | 2106 ||| FLEEEEING.
  2112 | D:3      | Reached skill level 5 in Ranged Weapons
  2119 | D:3      | HP: 8/36 [kobold/+0 short sword (3)]
  2124 | D:3      | Reached XP level 5. HP: 6/41 MP: 5/5
  2437 | D:3      | Reached skill level 3 in Fighting
  2800 | D:3      | 2800 ||| READING scroll labelled MYOXIL ONOW.
  2801 | D:3      | 2801 ||| READING scroll labelled HUOCOB YSIUH.
  2802 | D:3      | 2802 ||| READING scroll labelled HASOHI JONWU.
  2975 | D:4      | Reached XP level 6. HP: 29/51 MP: 6/6
  2982 | D:4      | Reached skill level 6 in Ranged Weapons
  3305 | D:4      | Found a staircase to the Ecumenical Temple.
  3306 | D:4      | 3306 ||| PLANNING TEMPLE
  3374 | Temple   | Entered the Ecumenical Temple
  3405 | Temple   | 3405 ||| PLANNING OKAWARU WORSHIP
  3494 | Temple   | Became a worshipper of Warmaster Okawaru
  3495 | Temple   | 3495 ||| PLANNING D:1-11
  3540 | D:4      | Reached skill level 7 in Ranged Weapons
  3540 | D:4      | Reached XP level 7. HP: 60/60 MP: 7/7
  3858 | D:4      | 3858 ||| READING scroll labelled EVYOJI LIDIXZE.
  3896 | D:5      | Entered Level 5 of the Dungeon
  3903 | D:5      | 3903 ||| STAIRDANCE
  3906 | D:4      | Reached skill level 8 in Ranged Weapons
  3938 | D:5      | 3938 ||| STAIRDANCE
  4090 | D:5      | Reached * piety under Okawaru
  4134 | D:5      | Reached skill level 1 in Invocations
  4224 | D:5      | Reached XP level 8. HP: 56/68 MP: 8/8
  4400 | D:5      | 4400 ||| INVOKING Heroism.
  4414 | D:5      | Reached skill level 9 in Ranged Weapons
  4480 | D:5      | 4480 ||| FLEEEEING.
  4563 | D:5      | Found a hazy altar of Hepliaklqana.
  4695 | D:5      | 4695 ||| INVOKING Heroism.
  4720 | D:5      | 4720 ||| INVOKING Heroism.
  4737 | D:5      | Reached skill level 3 in Invocations
  4742 | D:5      | 4742 ||| INVOKING Heroism.
  4849 | D:5      | 4849 ||| READING scroll of enchant armour.
  4849 | D:5      | 4849 ||| ENCHANTING +0 swamp dragon scales.
  4967 | D:5      | Reached skill level 3 in Dodging
  5312 | D:5      | 5312 ||| READING scroll labelled CESTRY UFAUN.
  5313 | D:5      | 5313 ||| DRINKING 2 blue potions.
  5314 | D:5      | 5314 ||| READING 2 scrolls of identify.
  5314 | D:5      | 5314 ||| IDENTIFYING white potion
  5332 | D:6      | 5332 ||| PLANNING OSSUARY
  5354 | D:6      | Noticed Edmund
  5355 | D:6      | 5355 ||| INVOKING Heroism.
  5379 | D:6      | 5379 ||| INVOKING Heroism.
  5384 | D:6      | Killed Edmund
  5385 | D:6      | Reached skill level 6 in Fighting
  5527 | D:6      | 5527 ||| INVOKING Heroism.
  5541 | D:6      | Reached XP level 9. HP: 75/78 MP: 9/11
  5541 | D:6      | 5541 ||| Stepping ~*~*~tactically~*~*~ (cloud).
  5542 | D:6      | 5542 ||| Stepping ~*~*~tactically~*~*~ (cloud).
  5589 | D:6      | Found a sand-covered staircase.
  5590 | D:6      | 5590 ||| READING scroll labelled BAEVOB EPPIAB.
  5590 | D:6      | Identified a scroll of acquirement
  5590 | D:6      | 5590 ||| ACQUIRING +1 pair of boots of Poisuqut {rN+}
  5590 | D:6      | Acquired the +1 pair of boots of Poisuqut {rN+}
  5592 | D:6      | 5592 ||| UPGRADING to +1 pair of boots of Poisuqut {rN+}.
  5610 | Ossuary  | Entered an ossuary
  5717 | Ossuary  | 5717 ||| FLEEEEING.
  5718 | Ossuary  | 5718 ||| FLEEEEING.
  5719 | Ossuary  | 5719 ||| FLEEEEING.
  5720 | Ossuary  | 5720 ||| FLEEEEING.
  5721 | Ossuary  | 5721 ||| FLEEEEING.
  5722 | Ossuary  | 5722 ||| FLEEEEING.
  5723 | Ossuary  | 5723 ||| FLEEEEING.
  5724 | Ossuary  | 5724 ||| FLEEEEING.
  5725 | Ossuary  | 5725 ||| FLEEEEING.
  5726 | Ossuary  | 5726 ||| FLEEEEING.
  5727 | Ossuary  | 5727 ||| FLEEEEING.
  5938 | Ossuary  | 5938 ||| READING scroll labelled TOPIUR ISKYO.
  5939 | Ossuary  | 5939 ||| READING scroll labelled MOVIXO JAECYI.
  5940 | Ossuary  | 5940 ||| DRINKING 2 glowing green potions.
  5941 | Ossuary  | 5941 ||| DRINKING 2 viscous clear potions.
  5942 | Ossuary  | 5942 ||| READING 2 scrolls of identify.
  5942 | Ossuary  | 5942 ||| IDENTIFYING fuming emerald potion
  5958 | D:6      | 5958 ||| PLANNING D:1-11
  6029 | D:6      | Reached skill level 10 in Ranged Weapons
  6081 | D:6      | Found Rymodwot's Assorted Antiques.
  6089 | D:6      | 6089 ||| BUYING lead wand (96 gold).
  6089 | D:6      | Bought a lead wand for 96 gold pieces
  6089 | D:6      | 6089 ||| BUYING long silver wand (96 gold).
  6089 | D:6      | Bought a long silver wand for 96 gold pieces
  6089 | D:6      | 6089 ||| SHOPLISTING scroll labelled BIF XETUGGONGE (24
                  | gold, have 17).
  6089 | D:6      | 6089 ||| SHOPLISTING scroll of enchant armour (180 gold,
                  | have 17).
  6089 | D:6      | 6089 ||| SHOPLISTING scroll of identify (48 gold, have 17).
  6105 | D:6      | 6105 ||| INVOKING Heroism.
  6137 | D:6      | 6137 ||| DRINKING 4 potions of curing.
  6137 | D:6      | 6137 ||| (to cure confusion)
  6144 | D:6      | 6144 ||| SWAPPING to +0 shortbow.
  6145 | D:6      | 6145 ||| DROPPING +2 sling.
  6146 | D:6      | 6146 ||| READING scroll of enchant weapon.
  6146 | D:6      | 6146 ||| ENCHANTING +0 shortbow.
  6188 | D:6      | 6188 ||| INVOKING Heroism.
  6280 | D:6      | 6280 ||| READING scroll of enchant weapon.
  6280 | D:6      | 6280 ||| ENCHANTING +1 shortbow.
  6295 | D:6      | 6295 ||| Stepping ~*~*~tactically~*~*~ (outnumbered).
  6445 | D:6      | 6445 ||| READING scroll of acquirement.
  6445 | D:6      | 6445 ||| ACQUIRING 1346 gold pieces
  6445 | D:6      | Acquired 1346 gold pieces
  6645 | D:6      | 6645 ||| READING scroll labelled BIF XETUGGONGE.
  6646 | D:6      | 6646 ||| DRINKING 2 bubbling black potions.
  6750 | D:6      | 6750 ||| DRINKING 2 bubbling brown potions.
  6751 | D:6      | 6751 ||| DRINKING 3 potions of curing.
  6751 | D:6      | 6751 ||| (to cure confusion)
  6752 | D:6      | 6752 ||| DROPPING potion of berserk rage.
  6753 | D:6      | 6753 ||| DROPPING wand of roots (10).
  6754 | D:6      | 6754 ||| DROPPING wand of charming (6).
  6755 | D:6      | 6755 ||| DROPPING potion of ambrosia.
  6785 | D:7      | 6785 ||| Stepping randomly (disturbance).
  6786 | D:7      | 6786 ||| Stepping randomly (disturbance).
  6884 | D:7      | Reached skill level 11 in Ranged Weapons
  6972 | D:7      | Reached ** piety under Okawaru
  7165 | D:7      | Reached skill level 12 in Ranged Weapons
  7277 | D:7      | Found a snail-covered altar of Cheibriados.
  7328 | D:7      | Noticed Dowan
  7328 | D:7      | Noticed Duvessa
  7329 | D:7      | 7329 ||| INVOKING Heroism.
  7337 | D:7      | Killed Dowan
  7347 | D:7      | Killed Duvessa
  7411 | D:7      | Found a shimmering blue altar of Sif Muna.
  7502 | D:8      | 7502 ||| STAIRDANCE
  7673 | D:8      | 7673 ||| INVOKING Heroism.
  7685 | D:8      | Reached XP level 10. HP: 86/88 MP: 10/12
  7703 | D:8      | 7703 ||| DRINKING 2 black potions.
  7704 | D:8      | 7704 ||| DROPPING potion of attraction.
  7731 | D:8      | Noticed a manticore
  7740 | D:8      | 7740 ||| INVOKING Heroism.
  7741 | D:8      | HP: 15/88 [efreet/+3 scimitar of flaming (9)]
  7742 | D:8      | 7742 ||| READING 3 scrolls of teleportation.
  7743 | D:8      | 7743 ||| DRINKING potion of heal wounds.
  7962 | D:8      | 7962 ||| INVOKING Heroism.
  7972 | D:8      | Killed a manticore
  8073 | D:8      | 8073 ||| INVOKING Heroism.
  8316 | D:8      | 8316 ||| INVOKING Heroism.
  8548 | D:8      | Identified the +1 ring mail of Bedevilment {Int+7}
  8551 | D:8      | 8551 ||| DROPPING +1 ring mail of Bedevilment {Int+7}.
  8552 | D:8      | 8552 ||| READING 5 scrolls of identify.
  8552 | D:8      | 8552 ||| IDENTIFYING orange potion
  8553 | D:8      | 8553 ||| READING 4 scrolls of identify.
  8553 | D:8      | 8553 ||| IDENTIFYING murky grey potion
  8554 | D:8      | 8554 ||| READING 3 scrolls of identify.
  8554 | D:8      | 8554 ||| IDENTIFYING yellow potion
  8555 | D:8      | 8555 ||| DROPPING potion of invisibility.
  8625 | D:9      | 8625 ||| INVOKING Heroism.
  8638 | D:9      | HP: 22/88 [centaur/arrow (4)]
  8639 | D:9      | 8639 ||| READING 2 scrolls of teleportation.
  8664 | D:9      | 8664 ||| INVOKING Heroism.
  8665 | D:9      | HP: 13/88 [centaur/arrow (11)]
  8666 | D:9      | 8666 ||| READING scroll of teleportation.
  8695 | D:9      | 8695 ||| INVOKING Heroism.
  8702 | D:9      | Reached skill level 13 in Ranged Weapons
  8734 | D:9      | 8734 ||| INVOKING Heroism.
  8757 | D:9      | 8757 ||| INVOKING Heroism.
  8874 | D:9      | 8874 ||| Stepping ~*~*~tactically~*~*~ (outnumbered).
  8878 | D:9      | 8878 ||| INVOKING Heroism.
  8890 | D:9      | Reached skill level 9 in Fighting
  8908 | D:9      | 8908 ||| INVOKING Heroism.
  8910 | D:9      | HP: 14/91 [acid dragon/splash of acid (23)]
  8910 | D:9      | HP: 3/91 [wight/+0 trident (11)]
  8911 | D:9      | HP: 1/91 [acid dragon (2)]
  8914 | D:9      | Slain by a wight

Levels and vault maps discovered:
D:1:      amcnicky_arrival_flooded_fountain, layout_loops_ring,
          chequers_ecumenical_altar_island, chequers_arboretum
D:2:      layout_basic, serial_shops, shop, basic_altar
D:3:      minmay_octagon_keep, layout_basic, general_overflow_altar,
          grunt_ministairs_15
D:4:      layout_loops_cross, minmay_temple_entry_junction, serial_bayou_pond_b,
          corexii_checkpoint_a
D:5:      layout_loops_corners, nicolae_hepliaklqana_hazy_memory, serial_undead,
          serial_undead_a, serial_undead_f, serial_undead_a, serial_undead_a,
          nicolae_letterblocks [nicolae_letter_subblock,
          nicolae_letter_subblock, nicolae_letter_subblock,
          nicolae_letter_subblock, nicolae_letter_subblock,
          nicolae_letter_subblock, nicolae_letter_subblock,
          nicolae_letter_subblock, nicolae_letter_subblock,
          nicolae_letter_subblock, nicolae_letter_subblock,
          nicolae_letter_subblock, nicolae_letter_subblock,
          nicolae_letter_subblock, nicolae_letter_subblock,
          nicolae_letter_subblock, nicolae_letter_subblock,
          nicolae_letter_subblock, nicolae_letter_subblock,
          nicolae_letter_subblock, nicolae_letter_subblock,
          nicolae_letter_subblock, nicolae_letter_subblock,
          nicolae_letter_subblock, nicolae_letter_subblock]
D:6:      corexii_shantytown, layout_basic, enter_ossuary_4, serial_shops, shop,
          uniq_edmund
D:7:      layout_loops_ring, mainiacjoe_overflow_two_lobes, uniq_duvessa
D:8:      layout_cave_pools, minmay_misc_feat_rugged, minmay_diamond_spiral
D:9:      layout_rooms
Temple:   mainiacjoe_temple_coin_purse

Skill      XL: |  1  2  3  4  5  6  7  8  9 10 |
---------------+-------------------------------+-----
Ranged Weapons | 3 4 5 7 8 9 12 13 | 13.4
Fighting       | 2 3 4 5 6 8 9 |  9.0
Armour         | 2 4 5 |  5.8
Invocations    | 1 4 |  4.0
Dodging        | 3 4 5 |  5.0
Spellcasting   | |  1.0
Hexes          | |  2.0

Action                     |  1- 3 |  4- 6 |  7- 9 | 10-12 || total
---------------------------+-------+-------+-------+-------++-------
   Fire: Sling             |   180 |   224 |   457 |       ||   861
         Shortbow          |       |       |   216 |   175 ||   391
 Invoke: Heroism           |       |       |    11 |    11 ||    22
    Use: Scroll            |     4 |     3 |    12 |     6 ||    25
         Potion            |     1 |       |     7 |     2 ||    10
 Armour: Robe              |    18 |       |       |       ||    18
         Swamp dragon scal |    31 |    58 |   230 |    40 ||   359
  Dodge: Dodged            |    47 |    99 |   286 |    91 ||   523

Table legend:
 A = Non-vault XP
 B = Vault XP
 C = Vault XP percentage of total XP
 D = Non-vault monster count
 E = Vault monster count
 F = Vault count percentage of total count
                 A         B        C        D         E       F
            +---------+---------+-------+---------+---------+-------
      Total |    6991 |    2559 |  26.8 |     169 |      81 |  32.4
            +---------+---------+-------+---------+---------+-------
        D:1 |      26 |       0 |   0.0 |      17 |       0 |   0.0
        D:2 |      56 |      39 |  41.1 |      18 |       3 |  14.3
        D:3 |     152 |      78 |  33.9 |      23 |      13 |  36.1
        D:4 |     719 |       3 |   0.4 |      30 |       2 |   6.2
        D:5 |     731 |     457 |  38.5 |      19 |      12 |  38.7
        D:6 |    1111 |     294 |  20.9 |      16 |      33 |  67.3
        D:7 |    1167 |     216 |  15.6 |      14 |       2 |  12.5
        D:8 |     622 |    1300 |  67.6 |      15 |       4 |  21.1
        D:9 |    2407 |       0 |   0.0 |      17 |       0 |   0.0
    Ossuary |       0 |     172 | 100.0 |       0 |      12 | 100.0
            +---------+---------+-------+---------+---------+-------
